 Dungeon Crawl Stone Soup version 0.31-a0-859-g9dce7d3444 (webtiles) character file.

Game seed: 7394574780719826773

75 linos100 the Poker (level 4, -6/34 HPs)
             Began as a Merfolk Gladiator on Oct 9, 2023.
             Mangled by a worm (7 damage)
             ... on level 2 of the Dungeon.
             The game lasted 00:29:00 (1321 turns).

linos100 the Poker (Merfolk Gladiator)              Turns: 1321, Time: 00:29:01

Health: -6/34      AC:  9    Str: 14    XL:     4   Next: 31%
Magic:  4/4        EV:  8    Int:  7    God:
Gold:   56         SH:  0    Dex: 17    Spells: 3/3 levels left

rFire   . . .        a - +0 trident
rCold   . . .        (no shield)
rNeg    . . .        l - +0 chain mail
rPois   .            c - +0 helmet
rElec   .            (no cloak)
rCorr   .            (no gloves)
SInv    .            (no boots)
Will    .....        (no amulet) Stlth
                     (no ring)
HPRegen 0.25/turn    (no ring)
MPRegen 0.09/turn

%: no passive effects
@: silenced, attractive
A: (nimble swimmer 2), mertail
a: no special abilities


You were on level 2 of the Dungeon.
You visited 1 branch of the dungeon, and saw 2 of its levels.

You collected 56 gold pieces.

Inventory:

Hand Weapons
 a - a +0 trident (weapon)
 e - a +0 dagger
 g - a +0 dagger
 h - a +0 hand axe
 j - a +0 short sword
 k - a +0 club
 q - a +0 dagger
Missiles
 i - a throwing net
 o - 4 poisoned darts
Armour
 b - a +0 leather armour
 c - a +0 helmet (worn)
 f - a +0 leather armour
 l - a +0 chain mail (worn)
 u - a +0 ring mail of fire resistance
 v - a +0 chain mail
Scrolls
 s - a scroll of teleportation {unknown}
Potions
 d - 2 potions of brilliance
 m - a potion of haste {unknown}
 p - a potion of heal wounds {unknown}
 r - a potion of ambrosia {unknown}
 x - a potion of attraction


   Skills:
 + Level 2.5 Fighting
 + Level 5.2 Polearms
 + Level 2.2 Throwing
 + Level 0.8 Armour
 + Level 4.7 Dodging
 + Level 0.4 Stealth


You had 3 spell levels left.
You didn't know any spells.
Your spell library contained the following spells:

 Spells                   Type           Power      Damage    Failure   Level
 Simulacrum               Ice/Necr       0%         N/A       100%        6
 Ozocubu's Refrigeration  Ice            0%         4d7       100%        7
 Polar Vortex             Ice            0%         N/A       100%        9


Dungeon Overview and Level Annotations

Branches:
Dungeon (2/15)

Altars:


Innate Abilities, Weirdness & Mutations

((You are very nimble when in or above water. (Stealth+, EV+, Speed+++)))
Your lower body shifts to a powerful aquatic tail in water.


Message History

The orc priest hits you but does no damage.
The orc is attracted toward you. The orc priest is attracted toward you.
An orc priest comes into view. It is wielding a +0 mace.
The orc priest shouts!
The frilled lizard attacks as it pursues you!
The frilled lizard closely misses you.
The orc priest moves out of view.
The orc priest is attracted toward you.
You closely miss the frilled lizard.
The frilled lizard bites you but does no damage.
The orc priest is attracted toward you. The orc priest is attracted toward you.
You closely miss the orc priest.
The orc priest is moderately wounded.
The frilled lizard barely misses you.
The orc priest hits you with a +0 dagger.
* * * LOW HITPOINT WARNING * * *
A worm comes into view.
The frilled lizard bites you.
* * * LOW HITPOINT WARNING * * *
The orc hits you but does no damage.
The orc priest attacks as it pursues you!
The orc priest hits you but does no damage.
The worm is attracted toward you.
The orc priest hits you but does no damage.
The worm is attracted toward you.
You feel a little less clever now. The worm bites you but does no damage.
The frilled lizard bites you but does no damage.
The worm is attracted toward you. The worm attacks as it pursues you!
The worm bites you.
* * * LOW HITPOINT WARNING * * *
As you read the scroll labelled GIHINON PYIMEL, it crumbles to dust.
It is a scroll of identify.
n - a scroll of silence The frilled lizard bites you but does no damage.
As you read the scroll of silence, it crumbles to dust.
A profound silence engulfs you. The frilled lizard bites you.
* * * LOW HITPOINT WARNING * * *
The worm bites you!
You die...

..# .. ##..(...... ..
....#. #?... ...##.#
....#.##..# .##.)..#
..........###.##..#.##
....#.........#......#
.........#..###......#
........o....##<†....##
......§o###..##.†.....#
§....#.ol@....††......#
........w.............#
.#..#######...........####
... #.).......^..... ..
#............... .
#...............
#..........##.##
#.................
.....######...####.##


You could see a worm, an orc priest, an orc and a frilled lizard.

Vanquished Creatures
  An adder (D:2)
  A dart slug (D:1)
  3 ball pythons (D:1)
  2 endoplasms (D:1)
  3 goblins
  3 hobgoblins
  3 jackals (D:1)
  2 kobolds (D:1)
  A quokka (D:1)
  A bat (D:1)
  2 frilled lizards (D:1)
  5 rats (D:1)
27 creatures vanquished.

Vanquished Creatures (collateral kills)
  Natasha (D:2)
  An adder (D:2)
  A giant cockroach (D:2)
3 creatures vanquished.

Grand Total: 30 creatures vanquished

Notes
Turn   | Place    | Note
-------+----------+-------------------------------------------
     0 | D:1      | linos100 the Merfolk Gladiator began the quest for the Orb.
     0 | D:1      | Reached XP level 1. HP: 16/16 MP: 1/1
   238 | D:1      | Reached XP level 2. HP: 20/22 MP: 2/2
   848 | D:1      | Reached XP level 3. HP: 28/28 MP: 3/3
  1228 | D:2      | Noticed Natasha
  1233 | D:2      | Killed Natasha
  1234 | D:2      | Reached skill level 5 in Polearms
  1237 | D:2      | Reached XP level 4. HP: 21/34 MP: 4/4
  1321 | D:2      | HP: 1/34 [frilled lizard (2)]
  1321 | D:2      | Mangled by a worm

Illustrated notes

Levels and vault maps discovered:
D:1:      minmay_arrival_split_and_join, layout_basic, serial_bayou_lagoon_a,
          serial_bayou_ford_a, bh_walls_and_bars
D:2:      layout_rooms, uniq_jessica, uniq_natasha, uniq_sigmund

Skill      XL: |  1  2  3 |
---------------+----------+-----
Polearms       | 5 |  5.2
Fighting       | |  2.5
Throwing       | |  2.2
Armour         | |  0.8
Dodging        | |  4.7
Stealth        | |  0.4

Action                     |  1- 3 |  4- 6 || total
---------------------------+-------+-------++-------
  Melee: Trident           |    66 |     9 ||    75
         Punch             |     2 |       ||     2
  Throw: Stone             |     7 |       ||     7
         Throwing net      |     5 |       ||     5
         Javelin           |     4 |     1 ||     5
         Dart              |       |     2 ||     2
    Use: Scroll            |     2 |     2 ||     4
         Potion            |       |     2 ||     2
   Stab: Held in net/web   |     1 |       ||     1
         Distracted        |     1 |       ||     1
 Armour: Leather armour    |    22 |       ||    22
         Chain mail        |    17 |    25 ||    42
  Dodge: Dodged            |    39 |     4 ||    43

Table legend: (Time is in decaauts)
 A = Elapsed time spent in this place.
 B = Non-inter-level travel time spent in this place.
 C = Inter-level travel time spent in this place.
 D = Time resting spent in this place.
 E = Time spent auto-exploring this place.
 F = Levels seen in this place.
 G = Mean time per level.
                   A        B        C        D        E       F      G
               +--------+--------+--------+--------+--------+-----+--------+
         Total |   1313 |    784 |    529 |      0 |      0 |   2 |  656.5 |
       Dungeon |   1313 |    784 |    529 |      0 |      0 |   2 |  656.5 |
               +--------+--------+--------+--------+--------+-----+--------+

Top non-repeatable levels by time:
     D:1: 1213 daAuts
     D:2: 100 daAuts
